 Dungeon Crawl Stone Soup version 0.30-a0-359-gd0147acb1a (webtiles) character file.

Game seed: 15689716203310392527

95 mcwallace the Trooper (level 4, -7/40 HPs)
             Began as a Ghoul Fighter on Nov 12, 2022.
             Killed from afar by Natasha (8 damage)
             ... with a puff of flame
             ... on level 2 of the Dungeon.
             The game lasted 00:01:26 (1068 turns).

mcwallace the Trooper (Ghoul Fighter)               Turns: 1068, Time: 00:01:27

Health: -7/40      AC:  6    Str: 21    XL:     4   Next: 65%
Magic:  3/3        EV:  9    Int:  3    God:
Gold:   36         SH:  4    Dex:  8    Spells: 3/3 levels left

rFire   . . .      SeeInvis .    a - +0 war axe {axe}
rCold   + . .      Faith    .    c - +0 buckler
rNeg    + + +      Spirit   .    b - +0 scale mail
rPois   ∞          Reflect  .    (no helmet)
rElec   .          Harm     .    (no cloak)
rCorr   .          Rampage  .    (no gloves)
Will    .....                    (no boots)
Stlth   ..........               (no amulet)
HPRegen 0.00/turn                (no ring)
MPRegen 0.08/turn                (no ring)

@: inhibited regen, slowed, very slow
A: claws 1, cold resistance 1, negative energy resistance 3, inhibited
regeneration, torment resistance 2, devour on kill
a: no special abilities


You were on level 2 of the Dungeon.
You visited 1 branch of the dungeon, and saw 2 of its levels.

You collected 36 gold pieces.


Innate Abilities, Weirdness & Mutations

You are immune to poison.
You have sharp fingernails.
Your flesh is cold resistant. (rC+)
You are immune to negative energy. (rN+++)
You do not regenerate when monsters are visible.
You are immune to unholy pain and torment.
You thrive by killing the living.


   Skills:
 + Level 4.1 Fighting
 + Level 2.5 Axes
 + Level 3.3 Armour
 + Level 3.3 Shields


You had 3 spell levels left.
You didn't know any spells.
Your spell library was empty.

Inventory:

Hand Weapons
 a - a +0 war axe (weapon) {axe}
Missiles
 g - 13 stones (quivered) {throwing}
 n - 4 poisoned darts {throwing}
Armour
 b - a +0 scale mail (worn)
 c - a +0 buckler (worn)
 j - a +0 robe
   (You found it on level 1 of the Dungeon)
 l - a +0 pair of boots
   (You found it on level 1 of the Dungeon)
 p - a +0 chain mail
   (You found it on level 2 of the Dungeon)
 q - a +0 leather armour
   (You found it on level 2 of the Dungeon)
Scrolls
 f - 3 scrolls of teleportation {unknown}
 i - 3 scrolls of identify {unknown}
 m - a scroll of magic mapping {unknown}
Potions
 d - a potion of might
 e - 2 potions of flight {unknown}
 h - a potion of magic {unknown}
 k - 2 potions of haste {unknown}
 o - a potion of invisibility {unknown}

Dungeon Overview and Level Annotations

Branches:
Dungeon (2/15) Zot: 10880

Altars:

Annotations:
D:2 Natasha

..#.#.#.
##.#######
......#.
#....##
.#..###.
####..##
........
#####..#
.#######
#......# ##
#......#
#......##
#.......##
#...@....######
#..............
#...h..........
#..............
#...)†.........
###.#.#........
........#####(#
........# ..
..........#


You could see Natasha.


Message History

😕 HP[-1]
You take 1 damage, and now have 39/40 hp.
You slash the quokka!
You kill the quokka!
You feel better. 😎 HP[+1]
Your hp is fully restored (40).
No target in view!
Unknown command.
No target in view!
q - a +0 leather armour Key pressed, stopping explore.
A kobold comes into view. It is wielding a +0 club.
The kobold shouts!
A kobold is nearby!
A kobold is nearby!
A kobold is nearby!
An adder comes into view.
The adder hisses angrily.
Natasha, Servant of Life and Death comes into view.
She is carrying a wand of flame (7).
Natasha hisses angrily.
Natasha casts a spell.
The kobold barely misses you.
You hit the adder but do no damage. You hit the kobold.
The adder completely misses you. The adder bites you but does no damage.
You block the kobold's attack.
You miss the adder. You hit the kobold.
You kill the kobold!
The adder bites you but does no damage. x2
You hit the adder. The adder bites you but does no damage.
You block the crimson imp's attack. The adder completely misses you.
You miss the adder. You barely miss the crimson imp.
The adder bites you but does no damage.
The crimson imp blinks!
Natasha casts a spell at you. The magic dart hits you.
The adder bites you but does no damage. 😕 HP[-3]
You take 3 damage, and now have 37/40 hp.
You miss the adder. You closely miss Natasha.
Natasha casts a spell.
The adder bites you but does no damage.
You slash the adder!
You kill the adder!
You barely miss Natasha. You barely miss the crimson imp.
Natasha claws you but does no damage. The crimson imp misses you.
Natasha closely misses you.
Your Fighting skill increases to level 4!
You miss Natasha. You completely miss the crimson imp.
The crimson imp blinks!
Natasha zaps a wand.
The puff of flame hits you. 😕 HP[-2]
You take 2 damage, and now have 35/40 hp.
You barely miss Natasha. You slash the crimson imp!
The crimson imp blinks!
Natasha claws you. x2 😮 HP[-7]
You take 7 damage, and now have 28/40 hp.
You barely miss Natasha.
The crimson imp blinks!
Natasha claws you!
* * * LOW HITPOINT WARNING * * *
😨 HP[-8]
You take 8 damage, and now have 20/40 hp.
You barely miss Natasha. You barely miss the crimson imp.
The crimson imp blinks!
The crimson imp hits you but does no damage.
Natasha zaps a wand.
The puff of flame hits you!
* * * LOW HITPOINT WARNING * * *
The crimson imp hits you but does no damage.
Natasha casts a spell at you.
You feel yourself slow down.
You slash Natasha!
You kill Natasha!
You feel better.
Natasha screams in fury as she dies!
The crimson imp disappears in a puff of smoke! x2 😨 HP[-7]
You take 7 damage, and now have 13/40 hp. 😨 HP[+1] Natasha, Servant of Life and Death comes into view.
She is carrying a wand of flame (5).
Natasha stares at you and mumbles some strange words.
You feel as though you will be slow longer. 😨 HP[+1] Natasha casts a spell at you.
The magic dart hits you.
* * * LOW HITPOINT WARNING * * *
😨 HP[-4]
You take 4 damage, and now have 11/40 hp.
Natasha zaps a wand.
The puff of flame hits you.
* * * LOW HITPOINT WARNING * * *
😱 HP[-5]
You take 5 damage, and now have 6/40 hp.
Natasha zaps a wand.
The puff of flame hits you.
* * * LOW HITPOINT WARNING * * *
😱 HP[-5]
You take 5 damage, and now have 1/40 hp.
Natasha zaps a wand.
The puff of flame misses you.
Natasha zaps a wand.
The puff of flame hits you!
You die...

Skill      XL: |  1  2  3  4 |
---------------+-------------+-----
Axes           | 2 |  2.5
Armour         | 3 |  3.3
Shields        | 3 |  3.3
Fighting       | 4 |  4.1

Action                   |  1- 3 |  4- 6 || total
-------------------------+-------+-------++-------
Melee: War axe           |    64 |    21 ||    85
Armor: Scale mail        |    22 |    14 ||    36
Dodge: Dodged            |    31 |    13 ||    44
Block: Buckler           |    16 |     4 ||    20

Levels and vault maps discovered:
D:1:      sevenhm_arrival_forest_fort_large_2, layout_loops_ring,
          chequers_ecumenical_altar_simple_redux, serial_bayou_pond_a,
          minmay_misc_feat_five, minmay_pentomino_p4
D:2:      layout_basic, uniq_natasha

Notes
Turn   | Place    | Note
-------+----------+-------------------------------------------
     0 | D:1      | mcwallace the Ghoul Fighter began the quest for the Orb.
     0 | D:1      | Reached XP level 1. HP: 19/19 MP: 0/0
     0 | D:1      | magus.rc [v1.9.6]
   103 | D:1      | Found a faded altar of an unknown god.
   155 | D:1      | Reached skill level 2 in Axes
   155 | D:1      | Reached XP level 2. HP: 26/26 MP: 1/1
   791 | D:2      | Reached skill level 3 in Armour
   791 | D:2      | Reached skill level 3 in Shields
   791 | D:2      | Reached XP level 3. HP: 33/33 MP: 2/2
   801 | D:2      | Noticed Natasha
   816 | D:2      | HP: 7/33 [Natasha (5)]
   818 | D:2      | HP: 2/33 [Natasha/puff of flame (5)]
   820 | D:2      | Killed Natasha
   981 | D:2      | Reached XP level 4. HP: 37/40 MP: 3/3
  1046 | D:2      | Noticed Natasha
  1053 | D:2      | Reached skill level 4 in Fighting
  1057 | D:2      | Killed Natasha
  1060 | D:2      | Noticed Natasha
  1066 | D:2      | HP: 6/40 [Natasha/puff of flame (5)]
  1067 | D:2      | HP: 1/40 [Natasha/puff of flame (5)]
  1068 | D:2      | Killed from afar by Natasha

Vanquished Creatures
  Natasha (twice) (D:2)
  2 adders (D:2)
  2 bats
  4 endoplasms
  2 goblins (D:1)
  4 hobgoblins
  A kobold (D:2)
  A quokka (D:2)
  6 ball pythons
  2 frilled lizards
  2 rats
28 creatures vanquished.

Table legend:
 A = Non-vault XP
 B = Vault XP
 C = Vault XP percentage of total XP
 D = Non-vault monster count
 E = Vault monster count
 F = Vault count percentage of total count
                 A         B        C        D         E       F
            +---------+---------+-------+---------+---------+-------
      Total |      99 |      37 |  27.2 |      26 |       2 |   7.1
            +---------+---------+-------+---------+---------+-------
        D:1 |      22 |       2 |   8.3 |      14 |       1 |   6.7
        D:2 |      77 |      35 |  31.2 |      12 |       1 |   7.7
            +---------+---------+-------+---------+---------+-------

Illustrated notes

Table legend:
 A = Kills in this place as a percentage of kills in entire the game.
 B = Kills by you in this place as a percentage of kills by you in the entire game.
 C = Kills by friends in this place as a percentage of kills by friends in the entire game.
 D = Other kills in this place as a percentage of other kills in the entire game.
 E = Experience gained in this place as a percentage of experience gained in the entire game.
 F = Experience gained in this place divided by the number of levels of this place that you have seen.
                   A       B       C       D       E      F
               +-------+-------+-------+-------+-------+----------------------
         Total | 100.0 | 100.0 |   N/A |   N/A | 100.0 |  68.0
       Dungeon | 100.0 | 100.0 |   N/A |   N/A | 100.0 |  68.0
               +-------+-------+-------+-------+-------+----------------------

Table legend: (Time is in decaauts)
 A = Elapsed time spent in this place.
 B = Non-inter-level travel time spent in this place.
 C = Inter-level travel time spent in this place.
 D = Time resting spent in this place.
 E = Time spent auto-exploring this place.
 F = Levels seen in this place.
 G = Mean time per level.
                   A        B        C        D        E       F      G
               +--------+--------+--------+--------+--------+-----+--------+
         Total |   1117 |   1085 |     32 |    103 |    749 |   2 |  558.5 |
       Dungeon |   1117 |   1085 |     32 |    103 |    749 |   2 |  558.5 |
               +--------+--------+--------+--------+--------+-----+--------+

Top non-repeatable levels by time:
     D:1: 893 daAuts
     D:2: 224 daAuts
